Map: Moonlight Madness LE (Void)

Players

SticklerMac - Winner!

  • Race: Zerg Zerg

Franek

  • Race: Terran Terran
  • League: Grandmaster

VOD

Have the link to the VOD?

Description

Time

  • Played on: Aug. 5, 2015, 6:58 p.m.
  • Length: 5:25
Show
View Real Time Build Order
Export as new Build Order

SticklerMac Zerg - Winner!

Build Orders: Hatch First, Zergling Baneling 

Get SALT Encoding   

  12  0:01  Drone  
  13  0:09  Drone  
  14  0:17  Overlord  
  14  0:35  Drone x3  
  17  0:55  Hatchery  
  16  0:58  Drone  
  16  1:00  Drone  
  18  1:08  Drone  
  19  1:17  Spawning Pool  
  18  1:19  Drone  
  19  1:30  Extractor  
  19  1:31  Drone  
  19  1:42  Drone  
  20  2:02  Overlord  
  20  2:05  Queen  
  20  2:07  Queen  
  24  2:10  Drone  
  24  2:13  Overlord  
  25  2:18  Drone  
  26  2:23  Drone  
  27  2:30  Drone  
  28  2:37  Drone  
  28  2:42  Drone, Baneling Nest  
  29  2:48  Drone  
  29  2:49  Metabolic Boost  
  30  2:57  Zergling x4  
  32  3:10  Zergling x4  
  34  3:13  Drone  
  34  3:16  Zergling x8  
  39  3:20  Zergling x2  
  39  3:21  Zergling x8  
  44  3:31  Zergling x2  
  43  3:41  Zergling x2  
  44  3:44  Overlord x2  
  44  3:52  Overlord x2  
  44  4:02  Zergling x2, Queen x2  
  49  4:03  Zergling x6  
  49  4:04  Zergling x4  
  54  4:11  Zergling x4  
  56  4:20  Zergling x4  
  56  4:21  Zergling x10  
  56  4:23  Zergling x2  
  64  4:27  Zergling x2  
  64  4:28  Zergling x2  
  65  4:37  Zergling x4  
  67  4:43  Baneling  
  67  4:44  Baneling x10  
  67  4:45  Baneling  
  67  4:49  Baneling  
  67  4:55  Zergling x6  
  67  4:56  Zergling x2  
  67  4:57  Zergling x2  
Show
View Real Time Build Order
Export as new Build Order

Franek Terran 

Build Orders: Reaper Expand 

Get SALT Encoding   

  12  0:01  SCV  
  13  0:13  SCV  
  14  0:20  Supply Depot  
  14  0:26  SCV  
  15  0:42  SCV  
  16  0:43  Barracks  
  16  0:47  Refinery  
  16  0:54  SCV  
  17  1:06  SCV  
  18  1:18  SCV  
  19  1:29  Command Center  
  19  1:33  SCV  
  19  1:37  Reaper  
  21  1:46  Supply Depot  
  21  1:48  SCV  
  22  2:02  Orbital Command  
  22  2:09  Reaper  
  23  2:26  Factory  
  23  2:28  SCV  
  24  2:32  Refinery  
  24  2:41  Orbital Command  
  24  2:43  SCV  
  25  2:45  Supply Depot  
  25  3:06  SCV, Reaper  
  25  3:08  Orbital Command  
  27  3:15  Hellion  
  27  3:17  Factory  
  27  3:18  SCV  
  30  3:22  Supply Depot  
  30  3:30  SCV  
  31  3:38  SCV  
  32  3:42  Factory Tech Lab  
  32  3:43  SCV, Marine  
  33  3:50  SCV  
  33  3:55  SCV, Supply Depot  
  36  4:02  SCV  
  36  4:04  Refinery  
  36  4:05  Marine  
  36  4:07  SCV, Widow Mine  
  36  4:08  Factory Tech Lab  
  40  4:14  SCV, Refinery  
  40  4:16  Factory  
  41  4:19  SCV  
  41  4:21  Supply Depot  
  39  4:31  SCV  
  39  4:36  Hellion  
  32  4:47  Marine  
  32  4:50  Hellion  
  35  4:54  Orbital Command  
  35  5:02  SCV  
  38  5:08  Starport  
Tags
 
Add a new tag
Caveats
  • Supply blocks, unpowered buildings, or Contaminate may cause inaccurate times.
  • Supply counts are checked every 10 seconds.